 Dungeon Crawl Stone Soup version 0.30-a0-715-gdb4ae3ece1 (webtiles) character file.

Game seed: 2336212935401436493

573 BigDaddyOpFi the Shield-Bearer (level 7, -4/44 HPs)
             Began as a Gargoyle Fighter on Jan 23, 2023.
             Killed by divine providence
             ... invoked by an orc priest
              (13 damage)
             ... on level 4 of the Dungeon.
             The game lasted 00:04:02 (2703 turns).

BigDaddyOpFi the Shield-Bearer (Gargoyle Fighter)   Turns: 2703, Time: 00:04:02

Health: -4/44      AC: 22    Str: 21    XL:     7   Next: 34%
Magic:  2/2        EV:  6    Int:  9    God:
Gold:   194        SH:  4    Dex:  9    Spells: 6/6 levels left

rFire   x . .      SeeInvis .    m - +2 hand axe (antimagic)
rCold   + . .      Faith    .    c - +0 buckler
rNeg    + . .      Spirit   .    e - +1 plate armour
rPois   ∞          Reflect  .    (no helmet)
rElec   +          Harm     .    j - +0 cloak
rCorr   .          Rampage  +    (no gloves)
Will    +....                    f - +2 pair of boots {rampage} Stlth
                                 r - amulet of magic regeneration
HPRegen 0.27/turn                l - ring of ice
MPRegen 0.48/turn                (no ring)

@: no status effects
A: sickness immunity, AC +4, negative energy resistance 1, electricity
resistance, torment resistance 1, petrification resistance, strong-willed 1
a: no special abilities


You were on level 4 of the Dungeon.
You visited 1 branch of the dungeon, and saw 4 of its levels.

You collected 194 gold pieces.

Inventory:

Hand Weapons
 a - a +0 war axe
 m - a +2 antimagic hand axe (weapon)
 t - the +5 falchion of Bitadoto {flame, *Corrode rElec rC+}
   (You found it on level 4 of the Dungeon)

   rC:        It protects you from cold.
   rElec:     It insulates you from electricity.
   *Corrode:  It may corrode you when you take damage.
Armour
 c - a +0 buckler (worn)
 e - a +1 plate armour (worn)
 f - a +2 pair of boots of rampaging (worn)
 j - a +0 cloak (worn)
 s - the +4 robe of Indemnity {*Slow rElec rPois Stlth+}
   (You found it on level 2 of the Dungeon)

   rElec:     It insulates you from electricity.
   rPois:     It protects you from poison.
   *Slow:     It may slow you when you take damage.
   Stlth:     It makes you more stealthy.
Jewellery
 l - a ring of ice (left hand)
 r - an amulet of magic regeneration (around neck)
Scrolls
 b - a scroll of summoning
 i - a scroll of vulnerability
 n - a scroll of fear
 o - 4 scrolls of poison
 y - a scroll of identify
Potions
 d - a potion of might
 h - 3 potions of lignification
 k - a potion of heal wounds {unknown}
 p - a potion of attraction {unknown}
 q - 2 potions of mutation
 u - 2 potions of resistance {unknown}
 v - a potion of brilliance {unknown}
 w - a potion of berserk rage {unknown}
 x - a potion of curing


   Skills:
 + Level 5.3 Fighting
 + Level 3.8 Axes
 + Level 5.2 Armour
 + Level 5.3 Shields


You had 6 spell levels left.
You didn't know any spells.
Your spell library contained the following spells:

 Spells                   Type           Power      Damage    Failure   Level
 Apportation              Tloc           0%         N/A       100%        1
 Necrotise                Necr           0%         1d4       100%        1
 Summon Small Mammal      Summ           0%         N/A       100%        1
 Olgreb's Toxic Radiance  Pois           0%         N/A       100%        4
 Ozocubu's Refrigeration  Ice            0%         4d7       100%        7
 Ignition                 Fire           0%         3d3       100%        8


Dungeon Overview and Level Annotations

Branches:
Dungeon (4/15)
 Temple: D:4-7

Altars:
Elyvilon
Zin

Shops:
D:1 [


Innate Abilities, Weirdness & Mutations

You are immune to sickness and miasma.
Your stone body is resilient. (AC +4)
You are immune to poison.
You resist negative energy. (rN+)
You are resistant to electric shocks. (rElec)
You are resistant to unholy torment.
You are immune to petrification.
You are strong-willed. (Will+)


Message History

You closely miss the orc.
The orc is lightly wounded.
You hit the orc. The orc hits you but does no damage. x2
The kobold hits you but does no damage.
You slash the orc!
You kill the orc!
You hit the orc but do no damage.
The orc priest calls upon Beogh to heal the orc.
The orc's wounds heal themselves!
The orc hits you with a +0 hand axe. The kobold hits you but does no damage.
You closely miss the orc.
The orc priest calls down the wrath of Beogh upon you.
Beogh smites you!
* * * LOW HITPOINT WARNING * * *
The orc hits you with a +0 hand axe.
* * * LOW HITPOINT WARNING * * *
The kobold hits you but does no damage.
You are too injured to fight recklessly!
Really quaff the potion of lignification?
You turn into a tree.
Your +0 cloak melds into your body.
Your +2 pair of boots of rampaging melds into your body.
Your +1 plate armour melds into your body.
You no longer feel able to rampage towards enemies.
Your roots penetrate the ground.
The orc hits you with a +0 hand axe.
* * * LOW HITPOINT WARNING * * *
The kobold hits you but does no damage.
It was a potion of curing.
You feel better.
The orc priest hits you but does no damage.
The orc hits you but does no damage. The kobold hits you but does no damage.
It was a potion of cancellation.
Your magical effects are unravelling.
You feel magically purged.
You feel less wooden.
Your +0 cloak unmelds from your body.
Your +2 pair of boots of rampaging unmelds from your body.
Your +1 plate armour unmelds from your body.
You feel ready to rampage towards enemies.
The orc priest calls down the wrath of Beogh upon you.
Beogh smites you!
You die...

##.^..>^..........)#
#......^..#...#.#÷#
##.^.....##.#.#.#.#
##^...^###.....#.#
###.### #...###.. ###
###.# ##.
################...####.
........................
.....Ko@..#.####.######.
......o####..# #.#######
......K #...##.....###
....... ##.#.#####.##<
....... #.#.# #.##.
......# #.#.# #....
...... # #. ##### ###..#


You could see an orc priest, an orc and 2 kobolds.

Vanquished Creatures
  Grinder (D:4)
  Sigmund (D:3)
  An ice beast (D:3)
  Robin (D:2)
  An adder (D:2)
  7 worms
  3 dart slugs
  3 orcs
  6 endoplasms
  3 giant cockroaches
  18 goblins
  6 hobgoblins
  3 quokkas
  6 ball pythons
  5 bats
  3 frilled lizards
  3 kobolds
  3 rats
74 creatures vanquished.

Notes
Turn   | Place    | Note
-------+----------+-------------------------------------------
     0 | D:1      | BigDaddyOpFi the Gargoyle Fighter began the quest for the
                  | Orb.
     0 | D:1      | Reached XP level 1. HP: 14/14 MP: 1/1
    65 | D:1      | Found a faded altar of an unknown god.
   142 | D:1      | Reached XP level 2. HP: 19/19 MP: 2/2
   447 | D:1      | Reached XP level 3. HP: 24/24 MP: 3/3
   508 | D:1      | Found Ybbixed's Antique Armour Boutique.
   766 | D:2      | Noticed Robin
   781 | D:2      | Reached XP level 4. HP: 25/29 MP: 1/4
   783 | D:2      | Killed Robin
   812 | D:2      | Identified the +4 robe of Indemnity {*Slow rElec rPois
                  | Stlth+}
  1406 | D:3      | Noticed an ice beast
  1418 | D:3      | Killed an ice beast
  1419 | D:3      | Reached XP level 5. HP: 34/34 MP: 1/5
  1690 | D:3      | Noticed Sigmund
  1720 | D:3      | Killed Sigmund
  1721 | D:3      | Reached XP level 6. HP: 37/40 MP: 2/6
  1883 | D:3      | Found a white marble altar of Elyvilon.
  1886 | D:3      | Found a glowing silver altar of Zin.
  2249 | D:4      | Identified the +5 falchion of Bitadoto {flame, *Corrode
                  | rElec rC+}
  2303 | D:4      | Noticed Grinder
  2304 | D:4      | Paralysed by Grinder for 2 turns
  2311 | D:4      | Gained mutation: You are strong-willed. (Will+) [potion of
                  | mutation]
  2343 | D:4      | Killed Grinder
  2344 | D:4      | Reached skill level 5 in Fighting
  2344 | D:4      | Reached skill level 5 in Armour
  2344 | D:4      | Reached skill level 5 in Shields
  2344 | D:4      | Reached XP level 7. HP: 23/44 MP: 2/7
  2703 | D:4      | Killed from afar by an orc priest

Illustrated notes

Levels and vault maps discovered:
D:1:      minmay_arrival_doors, layout_basic, serial_shops, shop_fountains,
          basic_ecumenical_altar, minmay_pentomino_v4
D:2:      layout_basic, uniq_robin
D:3:      layout_basic, minitemple, uniq_sigmund
D:4:      minmay_inner_zag, layout_basic, nicolae_wormholes, uniq_duvessa,
          uniq_crazy_yiuf_cottage, uniq_grinder

Skill      XL: |  1  2  3  4  5  6 |
---------------+-------------------+-----
Axes           | 2 3 |  3.8
Fighting       | 4 5 |  5.3
Shields        | 4 5 |  5.3
Armour         | 4 5 |  5.2

Action                     |  1- 3 |  4- 6 |  7- 9 || total
---------------------------+-------+-------+-------++-------
  Melee: War axe           |    51 |       |       ||    51
         Hand axe          |    25 |   130 |     5 ||   160
         Falchion          |       |    23 |       ||    23
    Use: Scroll            |       |    10 |       ||    10
         Potion            |       |     1 |     3 ||     4
 Armour: Scale mail        |     5 |       |       ||     5
         Plate armour      |    71 |    82 |     9 ||   162
         Skin              |       |       |     4 ||     4
  Dodge: Dodged            |    27 |    31 |     2 ||    60
  Block: Buckler           |    17 |    26 |     1 ||    44

Table legend: (Time is in decaauts)
 A = Elapsed time spent in this place.
 B = Non-inter-level travel time spent in this place.
 C = Inter-level travel time spent in this place.
 D = Time resting spent in this place.
 E = Time spent auto-exploring this place.
 F = Levels seen in this place.
 G = Mean time per level.
                   A        B        C        D        E       F      G
               +--------+--------+--------+--------+--------+-----+--------+
         Total |   2762 |   2657 |    105 |    276 |   1807 |   4 |  690.5 |
       Dungeon |   2762 |   2657 |    105 |    276 |   1807 |   4 |  690.5 |
               +--------+--------+--------+--------+--------+-----+--------+

Top non-repeatable levels by time:
     D:3: 929 daAuts
     D:1: 677 daAuts
     D:2: 656 daAuts
     D:4: 499 daAuts
